AoeStats
← Křovák

MegaRandom

506906500Analyzed
1v1 RM · 18d ago on Sep 15, 2026· 74m 10s· 2 players
Game mode
Random Map
Map size
Tiny (2 player)
Population
200
Speed
Normal
Resources
Standard
Victory
Conquest
Starting age
Dark Age
Ending age
Imperial Age
RankedLock teamsTeams togetherTeam positionsShared explorationLock speedFull tech treeHidden civsTurbo modeCheats
Victory
Defeat
🇮🇳 Persians · India
838
+15
🇨🇿 Malians · Czechia
817
-15
Křovák
9:48 Loom
11:33 Feudal Age
12:00 Double-Bit Axe
14:34 Horse Collar
17:20 Castle Age
15:05 Town Watch
15:56 Wheelbarrow
15:14 Fletching
20:11 Heavy Plow
21:55 Bodkin Arrow
22:23 Ballistics
26:08 Imperial Age
24:15 Bow Saw
25:01 Murder Holes
25:31 Pikeman
26:12 Squires
25:57 Arson
26:46 Forging
26:37 Scale Mail Armor
28:13 Chemistry
28:35 Iron Casting
29:51 Fortified Wall
29:58 Chain Mail Armor
29:42 Gold Mining
29:42 Stone Mining
32:09 Hoardings
31:36 Tigui
32:30 Farimba
33:35 Cavalier
34:15 Husbandry
34:25 Scale Barding Armor
38:42 Onager
46:22 Plate Mail Armor
46:13 Chain Barding Armor
vixilixiv
5:21 Loom
8:37 Feudal Age
11:48 Stone Mining
11:48 Gold Mining
15:51 Bloodlines
16:01 Forging
15:57 Scale Barding Armor
15:53 Padded Archer Armor
15:43 Fletching
15:44 Double-Bit Axe
21:04 Castle Age
21:02 Crossbowman
21:48 Thumb Ring
22:15 Bow Saw
22:17 Bodkin Arrow
25:47 Horse Collar
27:20 Murder Holes
27:46 Ballistics
28:32 Heavy Plow
32:39 Imperial Age
33:06 Kamandaran
33:20 Citadels
33:40 Elite War Elephant
37:16 Chemistry
36:27 Devotion
37:54 Iron Casting
37:35 Leather Archer Armor
50:20 Ring Archer Armor
50:11 Chain Barding Armor
50:52 Blast Furnace
Connection lost

Rejoining the realm…

Still unreachable

The connection could not be restored.

Session expired

The server has moved on; the page needs a fresh start.